TOP OF THE 1ST |
Houston Hammertime batting - Pitching for Redwood City Redwoods : LHP Craig Grant
|
Pitching: LHP Craig Grant
|
|
Batting: RHB Jorge Barbosa
|
0-0: Ball 1-0: Foul Ball, location: 2F 1-1: SINGLE (Line Drive, 4MD)
|
Batting: RHB Santo Cruz
|
0-0: SINGLE (Groundball, 6) (infield hit) Jorge Barbosa to second
|
Batting: LHB Francisco Cardenas
|
0-0: Ball 1-0: Swinging Strike 1-1: Ball 2-1: Ball 3-1: Ground out 6-3 (Groundball, 6MS) Jorge Barbosa to third Santo Cruz to second
|
Batting: RHB José García
|
0-0: Fly out, F9 (Flyball, 9LSF) Runner from 3rd tags up, SCORES, no throw
|
Batting: LHB Marcos Cantú
|
0-0: Ball 1-0: Swinging Strike 1-1: Called Strike 1-2: Ground out 6-3 (Groundball, 6)
|
Top of the 1st over - 1 run, 2 hits, 0 errors, 1 left on base; Houston 1 - Redwood City 0 |
BOTTOM OF THE 1ST |
Redwood City Redwoods batting - Pitching for Houston Hammertime : RHP José Crus
|
Pitching: RHP José Crus
|
|
Batting: LHB Tim Ramsey
|
0-0: Called Strike 0-1: Foul Ball, location: 2F 0-2: Ball 1-2: Ball 2-2: Strikes out swinging
|
Batting: LHB Vicente Chávez
|
0-0: Ball 1-0: Ball 2-0: Ball 3-0: Called Strike 3-1: Ground out 4-3 (Groundball, 4MD)
|
Batting: RHB Yasuhiko Sumita
|
0-0: Ball 1-0: Foul Ball, location: 2F 1-1: Ball 2-1: Hit by Pitch
|
Batting: LHB César Rodríguez
|
0-0: Ball 1-0: Ball 2-0: Ball 3-0: Called Strike 3-1: Base on Balls Yasuhiko Sumita to second
|
Batting: LHB Keith Green
|
0-0: Ball 1-0: Foul Ball, location: 2F 1-1: Ground out 4-3 (Groundball, 4)
|
Bottom of the 1st over - 0 runs, 0 hits, 0 errors, 2 left on base; Houston 1 - Redwood City 0 |
TOP OF THE 2ND |
Houston Hammertime batting - Pitching for Redwood City Redwoods : LHP Craig Grant
|
Batting: RHB Raúl Salas
|
0-0: Called Strike 0-1: Ball 1-1: Foul Ball, location: 2F 1-2: Ground out 6-3 (Groundball, 56)
|
Batting: SHB Glenn Vadnais
|
0-0: Called Strike 0-1: Ball 1-1: Foul Ball, location: 2F 1-2: Strikes out swinging
|
Batting: LHB David Adams
|
0-0: Ground out 3-1 (Groundball, 34)
|
Top of the 2nd over - 0 runs, 0 hits, 0 errors, 0 left on base; Houston 1 - Redwood City 0 |
BOTTOM OF THE 2ND |
Redwood City Redwoods batting - Pitching for Houston Hammertime : RHP José Crus
|
Batting: RHB Enrico Rodríguez
|
0-0: Ball 1-0: Called Strike 1-1: Foul Ball, location: 2F 1-2: Ball 2-2: Strikes out swinging
|
Batting: RHB Jason Blair
|
0-0: Ball 1-0: Ball 2-0: Foul Ball, location: 2F 2-1: Foul Ball, location: 2F 2-2: Ball 3-2: Fly out, F8 (Line Drive, 8RM)
|
Batting: RHB Luis Miguel Sánchez
|
0-0: Ball 1-0: Foul Ball, location: 2F 1-1: Called Strike 1-2: Hit by Pitch
|
Batting: RHB Juan Reyes
|
0-0: Fielders Choice at 2nd, 6-4 (Groundball, 6)
|
Bottom of the 2nd over - 0 runs, 0 hits, 0 errors, 1 left on base; Houston 1 - Redwood City 0 |
TOP OF THE 3RD |
Houston Hammertime batting - Pitching for Redwood City Redwoods : LHP Craig Grant
|
Batting: LHB Francisco Calderón
|
0-0: Ball 1-0: Foul Ball, location: 2F 1-1: Foul Ball, location: 2F 1-2: Ball 2-2: Foul Ball, location: 2F 2-2: Fly out, F8 (Flyball, 8LS)
|
Batting: RHB Jorge Barbosa
|
0-0: Reached on error, E5 (Groundball, 56S)
|
Batting: RHB Santo Cruz
|
0-0: Ball 1-0: Ball 2-0: Swinging Strike 2-1: Ball 3-1: DOUBLE (Line Drive, 78M) Jorge Barbosa to third
|
Batting: LHB Francisco Cardenas
|
0-0: Swinging Strike 0-1: Ball 1-1: SINGLE (Flyball, 8LS) Jorge Barbosa scores Santo Cruz to third
|
Batting: RHB José García
|
0-0: Ball 1-0: Ball 2-0: Swinging Strike 2-1: Fly out, F7 (Flyball, 7LS) Runner from 3rd tags up, OUT at HOME
|
Top of the 3rd over - 1 run, 2 hits, 1 error, 1 left on base; Houston 2 - Redwood City 0 |
BOTTOM OF THE 3RD |
Redwood City Redwoods batting - Pitching for Houston Hammertime : RHP José Crus
|
Batting: LHB Tim Ramsey
|
0-0: Fly out, F9 (Flyball, 9LS)
|
Batting: LHB Vicente Chávez
|
0-0: Ball 1-0: Called Strike 1-1: Ground out 4-3 (Groundball, 4)
|
Batting: RHB Yasuhiko Sumita
|
0-0: Ball 1-0: SINGLE (Groundball, 34D)
|
Batting: LHB César Rodríguez
|
0-0: Foul Ball, location: 2F 0-1: Ball 1-1: Swinging Strike 1-2: Fly out, F7 (Flyball, 7S)
|
Bottom of the 3rd over - 0 runs, 1 hit, 0 errors, 1 left on base; Houston 2 - Redwood City 0 |
TOP OF THE 4TH |
Houston Hammertime batting - Pitching for Redwood City Redwoods : LHP Craig Grant
|
Batting: LHB Marcos Cantú
|
0-0: Ball 1-0: Ground out 5-3 (Groundball, 5)
|
Batting: RHB Raúl Salas
|
0-0: Ball 1-0: DOUBLE (Flyball, 78XD)
|
Batting: SHB Glenn Vadnais
|
0-0: Ball 1-0: Ball 2-0: Ball 3-0: Base on Balls
|
Batting: LHB David Adams
|
0-0: Ball 1-0: Swinging Strike 1-1: SINGLE (Groundball, 6D) Raúl Salas to third Glenn Vadnais to second Runner from 3rd tries for Home, SAFE, no throw
|
Batting: LHB Francisco Calderón
|
0-0: Ball 1-0: Called Strike 1-1: Swinging Strike 1-2: Strikes out swinging
|
Batting: RHB Jorge Barbosa
|
0-0: Called Strike 0-1: Swinging Strike 0-2: Fly out, F6 (Popup, 6MS)
|
Top of the 4th over - 1 run, 2 hits, 0 errors, 2 left on base; Houston 3 - Redwood City 0 |
BOTTOM OF THE 4TH |
Redwood City Redwoods batting - Pitching for Houston Hammertime : RHP José Crus
|
Batting: LHB Keith Green
|
0-0: Ball 1-0: Called Strike 1-1: Ball 2-1: Ground out 4-3 (Groundball, 4D)
|
Batting: RHB Enrico Rodríguez
|
0-0: Ball 1-0: Foul Ball, location: 2F 1-1: Fly out, F8 (Flyball, 78M)
|
Batting: RHB Jason Blair
|
0-0: Foul Ball, location: 2F 0-1: Ball 1-1: Ball 2-1: Foul Ball, location: 2F 2-2: Foul Ball, location: 2F 2-2: Ball 3-2: Foul Ball, location: 2F 3-2: Strikes out swinging
|
Bottom of the 4th over - 0 runs, 0 hits, 0 errors, 0 left on base; Houston 3 - Redwood City 0 |
TOP OF THE 5TH |
Houston Hammertime batting - Pitching for Redwood City Redwoods : LHP Craig Grant
|
Batting: RHB Santo Cruz
|
0-0: Fly out, F9 (Flyball, 89S)
|
Batting: LHB Francisco Cardenas
|
0-0: Called Strike 0-1: Reached on error, E5 (Groundball, 56)
|
Batting: RHB José García
|
0-0: Ball 1-0: Called Strike 1-1: Ball 2-1: Foul Ball, location: 2F 2-2: Ball 3-2: Grounds into double play, 4-6-3 (Groundball, 4)
|
Top of the 5th over - 0 runs, 0 hits, 1 error, 0 left on base; Houston 3 - Redwood City 0 |
BOTTOM OF THE 5TH |
Redwood City Redwoods batting - Pitching for Houston Hammertime : RHP José Crus
|
Batting: RHB Luis Miguel Sánchez
|
0-0: Called Strike 0-1: Ball 1-1: SINGLE (Groundball, 56) (infield hit)
|
Batting: RHB Juan Reyes
|
0-0: Called Strike 0-1: Called Strike 0-2: Ball 1-2: Ball 2-2: Strikes out swinging
|
Batting: LHB Tim Ramsey
|
0-0: SINGLE (Groundball, 56S) (infield hit) Luis Miguel Sánchez to second
|
Batting: LHB Vicente Chávez
|
0-0: Ball 1-0: Called Strike 1-1: Swinging Strike 1-2: Foul Ball, location: 2F 1-2: Ball 2-2: Ball 3-2: Foul Ball, location: 2F 3-2: Strikes out looking Luis Miguel Sánchez steals 3rd base Batter strikes out. Tim Ramsey to second
|
Batting: RHB Yasuhiko Sumita
|
0-0: Ball 1-0: Called Strike 1-1: Called Strike 1-2: Foul Ball, location: 2F 1-2: Foul Ball, location: 2F 1-2: Foul Ball, location: 2F 1-2: Ball 2-2: Ball 3-2: Foul Ball, location: 2F 3-2: SINGLE (Line Drive, 8LS) Luis Miguel Sánchez scores Tim Ramsey to third Tim Ramsey scores
|
Batting: LHB César Rodríguez
|
0-0: Ball 1-0: Fly out, F7 (Flyball, 7)
|
Bottom of the 5th over - 2 runs, 3 hits, 0 errors, 1 left on base; Houston 3 - Redwood City 2 |
TOP OF THE 6TH |
Houston Hammertime batting - Pitching for Redwood City Redwoods : LHP Craig Grant
|
Batting: LHB Marcos Cantú
|
0-0: Swinging Strike 0-1: Foul Ball, location: 2F 0-2: Strikes out swinging
|
Batting: RHB Raúl Salas
|
0-0: Ball 1-0: Foul Ball, location: 2F 1-1: Ball 2-1: Called Strike 2-2: Strikes out swinging
|
Batting: SHB Glenn Vadnais
|
0-0: Ball 1-0: Swinging Strike 1-1: Foul Ball, location: 2F 1-2: Strikes out swinging
|
Top of the 6th over - 0 runs, 0 hits, 0 errors, 0 left on base; Houston 3 - Redwood City 2 |
BOTTOM OF THE 6TH |
Redwood City Redwoods batting - Pitching for Houston Hammertime : RHP José Crus
|
Batting: LHB Keith Green
|
0-0: Foul Ball, location: 2F 0-1: Foul Ball, location: 2F 0-2: Ball 1-2: Ball 2-2: SINGLE (Groundball, 6M) (infield hit)
|
Pitching: LHP Mark Stewart
|
|
Batting: RHB Enrico Rodríguez
|
0-0: Ball 1-0: Foul Ball, location: 2F 1-1: Ground out 5-3 (Groundball, 5S) Keith Green to second
|
Batting: RHB Jason Blair
|
0-0: Ball 1-0: Called Strike 1-1: Swinging Strike 1-2: Ball 2-2: Ball 3-2: SINGLE (Line Drive, 34) Keith Green to third
|
Batting: RHB Luis Miguel Sánchez
|
0-0: Ball 1-0: Grounds into double play, 6-4-3 (Groundball, 6M)
|
Bottom of the 6th over - 0 runs, 2 hits, 0 errors, 1 left on base; Houston 3 - Redwood City 2 |
TOP OF THE 7TH |
Houston Hammertime batting - Pitching for Redwood City Redwoods : LHP Craig Grant
|
Batting: LHB David Adams
|
0-0: Called Strike 0-1: Ball 1-1: Foul Ball, location: 2F 1-2: SINGLE (Line Drive, 6)
|
Batting: LHB Francisco Calderón
|
0-0: Sac Bunt - play at first, batter OUT! 3-4 David Adams to second
|
Batting: RHB Jorge Barbosa
|
0-0: Called Strike David Adams is caught stealing 3rd base 0-1: Foul Ball, location: 2F 0-2: Ball 1-2: Foul Ball, location: 2F 1-2: Ball 2-2: SINGLE (Groundball, 5D)
|
Batting: RHB Santo Cruz
|
0-0: Called Strike 0-1: Foul Ball, location: 2F 0-2: Fly out, F8 (Flyball, 8LM)
|
Top of the 7th over - 0 runs, 2 hits, 0 errors, 1 left on base; Houston 3 - Redwood City 2 |
BOTTOM OF THE 7TH |
Redwood City Redwoods batting - Pitching for Houston Hammertime : LHP Mark Stewart
|
Batting: RHB Juan Reyes
|
0-0: Called Strike 0-1: Swinging Strike 0-2: Strikes out swinging
|
Batting: LHB Tim Ramsey
|
0-0: Ball 1-0: Ball 2-0: Ball 3-0: Ground out 4-3 (Groundball, 4)
|
Batting: LHB Vicente Chávez
|
0-0: Ball 1-0: Foul Ball, location: 2F 1-1: SINGLE (Line Drive, 3D)
|
Batting: RHB Yasuhiko Sumita
|
0-0: Ball 1-0: Ball 2-0: Ball 3-0: Called Strike 3-1: DOUBLE (Flyball, 8RXD) Vicente Chávez to third
|
Batting: LHB César Rodríguez
|
0-0: Called Strike 0-1: Ball 1-1: Called Strike 1-2: Ball 2-2: Ball 3-2: Foul Ball, location: 2F 3-2: DOUBLE (Line Drive, 7D) Vicente Chávez scores Yasuhiko Sumita scores
|
Pitching: RHP António Sánchez
|
|
Batting: LHB Keith Green
|
0-0: Called Strike 0-1: Ball 1-1: Ball 2-1: Ball 3-1: Foul Ball, location: 2F 3-2: Base on Balls
|
Pinch Runner at 2nd Javier Ortíz:
|
|
Pinch Hitting: LHB Nicholas Alston
|
0-0: Ball 1-0: Swinging Strike 1-1: Foul Ball, location: 2F 1-2: Foul Ball, location: 2F 1-2: Strikes out swinging
|
Bottom of the 7th over - 2 runs, 3 hits, 0 errors, 2 left on base; Houston 3 - Redwood City 4 |
TOP OF THE 8TH |
Houston Hammertime batting - Pitching for Redwood City Redwoods : LHP Craig Grant
|
Now at 3B: Dave Lee
|
|
Now in RF: Nicholas Alston
|
|
Batting: LHB Francisco Cardenas
|
0-0: Called Strike 0-1: Ball 1-1: Foul Ball, location: 2F 1-2: Foul Ball, location: 2F 1-2: Foul Ball, location: 2F 1-2: Strikes out swinging
|
Batting: RHB José García
|
0-0: Ball 1-0: Called Strike 1-1: Foul Ball, location: 2F 1-2: Ground out 6-3 (Groundball, 56D)
|
Batting: LHB Marcos Cantú
|
0-0: Foul Ball, location: 2F 0-1: Ball 1-1: Foul Ball, location: 2F 1-2: Ball 2-2: Fly out, F2 (Popup, 2LF)
|
Top of the 8th over - 0 runs, 0 hits, 0 errors, 0 left on base; Houston 3 - Redwood City 4 |
BOTTOM OF THE 8TH |
Redwood City Redwoods batting - Pitching for Houston Hammertime : RHP António Sánchez
|
Batting: RHB Jason Blair
|
0-0: Ball 1-0: Swinging Strike 1-1: Ball 2-1: Fly out, F8 (Flyball, 8LD)
|
Batting: RHB Luis Miguel Sánchez
|
0-0: Ball 1-0: Called Strike 1-1: Fly out, F7 (Flyball, 78M)
|
Batting: RHB Juan Reyes
|
0-0: Ball 1-0: Called Strike 1-1: Ball 2-1: Called Strike 2-2: Ball 3-2: Strikes out looking
|
Bottom of the 8th over - 0 runs, 0 hits, 0 errors, 0 left on base; Houston 3 - Redwood City 4 |
TOP OF THE 9TH |
Houston Hammertime batting - Pitching for Redwood City Redwoods : LHP Craig Grant
|
Pitching: RHP Juan Sánchez
|
|
Now at SS: David Strickland
|
|
Batting: RHB Raúl Salas
|
0-0: Swinging Strike 0-1: Called Strike 0-2: Strikes out swinging
|
Batting: SHB Glenn Vadnais
|
0-0: Ball 1-0: Ball 2-0: SOLO HOME RUN (Flyball, 9LD), Distance : 315 ft
|
Batting: LHB David Adams
|
0-0: Called Strike 0-1: Ball 1-1: SINGLE (Line Drive, 78S)
|
Batting: LHB Francisco Calderón
|
0-0: Called Strike 0-1: Ball 1-1: DOUBLE (Line Drive, 89D) David Adams to third Runner from 3rd tries for Home, throw and OUT!
|
Batting: RHB Jorge Barbosa
|
0-0: Ball 1-0: Called Strike 1-1: Foul Ball, location: 2F 1-2: Ball 2-2: Foul Ball, location: 2F 2-2: Fly out, F7 (Flyball, 7)
|
Top of the 9th over - 1 run, 3 hits, 0 errors, 1 left on base; Houston 4 - Redwood City 4 |
BOTTOM OF THE 9TH |
Redwood City Redwoods batting - Pitching for Houston Hammertime : RHP António Sánchez
|
Batting: LHB Tim Ramsey
|
0-0: Called Strike 0-1: Foul Ball, location: 2F 0-2: Ground out U3 (Groundball, 3)
|
Batting: LHB Vicente Chávez
|
0-0: Called Strike 0-1: Foul Ball, location: 2F 0-2: Ball 1-2: Ball 2-2: Foul Ball, location: 2F 2-2: Ball 3-2: Strikes out looking
|
Batting: RHB Yasuhiko Sumita
|
0-0: Foul Ball, location: 2F 0-1: Fly out, F7 (Flyball, 7)
|
Bottom of the 9th over - 0 runs, 0 hits, 0 errors, 0 left on base; Houston 4 - Redwood City 4 |
TOP OF THE 10TH |
Houston Hammertime batting - Pitching for Redwood City Redwoods : RHP Juan Sánchez
|
Pitching: RHP Raúl Vallejo
|
|
Batting: RHB Santo Cruz
|
0-0: Ball 1-0: Ground out 6-3 (Groundball, 6)
|
Batting: LHB Francisco Cardenas
|
0-0: Called Strike 0-1: Foul Ball, location: 2F 0-2: Ball 1-2: Strikes out looking
|
Pinch Hitting: LHB Jeffrey Satterley
|
0-0: Ball 1-0: Ball 2-0: Ball 3-0: Called Strike 3-1: Foul Ball, location: 2F 3-2: Foul Ball, location: 2F 3-2: Base on Balls
|
Batting: LHB Marcos Cantú
|
0-0: Swinging Strike 0-1: Ball 1-1: Swinging Strike 1-2: Ball 2-2: Ball Wild Pitch! Jeffrey Satterley to second 3-2: Fly out, F8 (Flyball, 8LM)
|
Top of the 10th over - 0 runs, 0 hits, 0 errors, 1 left on base; Houston 4 - Redwood City 4 |
BOTTOM OF THE 10TH |
Redwood City Redwoods batting - Pitching for Houston Hammertime : RHP António Sánchez
|
Pitching: RHP Lewis Sweeney
|
|
Now at 3B: Juan Carlos
|
|
Batting: LHB Dave Lee
|
0-0: Ball 1-0: SINGLE (Line Drive, 8LS)
|
Batting: LHB Keith Green
|
0-0: Ball 1-0: Called Strike 1-1: Swinging Strike 1-2: Ball 2-2: Strikes out swinging
|
Batting: LHB Nicholas Alston
|
0-0: Fly out, F9 (Flyball, 9LM)
|
Pinch Hitting: RHB Joe Noble
|
0-0: Foul Ball, location: 2F 0-1: Fly out, F9 (Flyball, 89S)
|
Bottom of the 10th over - 0 runs, 1 hit, 0 errors, 1 left on base; Houston 4 - Redwood City 4 |
TOP OF THE 11TH |
Houston Hammertime batting - Pitching for Redwood City Redwoods : RHP Raúl Vallejo
|
Now at SS: Francisco Rodríguez
|
|
Batting: RHB Raúl Salas
|
0-0: Ground out 4-3 (Groundball, 4)
|
Batting: SHB Glenn Vadnais
|
0-0: Ground out 6-3 (Groundball, 6)
|
Batting: LHB David Adams
|
0-0: Called Strike 0-1: SINGLE (Line Drive, 6MD)
|
Batting: LHB Francisco Calderón
|
0-0: Ball David Adams is caught stealing 2nd base
|
Top of the 11th over - 0 runs, 1 hit, 0 errors, 0 left on base; Houston 4 - Redwood City 4 |
BOTTOM OF THE 11TH |
Redwood City Redwoods batting - Pitching for Houston Hammertime : RHP Lewis Sweeney
|
Batting: RHB Luis Miguel Sánchez
|
0-0: Ball 1-0: Ball 2-0: Ground out 4-3 (Groundball, 4M)
|
Batting: RHB Juan Reyes
|
0-0: Ball 1-0: Foul Ball, location: 2F 1-1: Swinging Strike 1-2: Strikes out swinging
|
Batting: LHB Tim Ramsey
|
0-0: Called Strike 0-1: Ball 1-1: Foul Ball, location: 2F 1-2: Ball 2-2: Foul Ball, location: 2F 2-2: SINGLE (Groundball, 34D)
|
Batting: LHB Vicente Chávez
|
0-0: Ball Tim Ramsey steals 2nd base 1-0: Called Strike 1-1: Swinging Strike 1-2: Ball 2-2: Fly out, F7 (Flyball, 78M)
|
Bottom of the 11th over - 0 runs, 1 hit, 0 errors, 1 left on base; Houston 4 - Redwood City 4 |
TOP OF THE 12TH |
Houston Hammertime batting - Pitching for Redwood City Redwoods : RHP Raúl Vallejo
|
Pitching: RHP Ramiro Pińa
|
|
Batting: LHB Francisco Calderón
|
0-0: Called Strike 0-1: SINGLE (Groundball, 4D)
|
Batting: RHB Jorge Barbosa
|
0-0: SINGLE (Groundball, 6MD) Francisco Calderón to second
|
Batting: RHB Santo Cruz
|
0-0: SINGLE (Line Drive, 8RS) Francisco Calderón to third Jorge Barbosa to second
|
Batting: LHB Francisco Cardenas
|
0-0: Ball 1-0: Foul Ball, location: 2F 1-1: SINGLE (Line Drive, 89M) Francisco Calderón scores Jorge Barbosa to third Santo Cruz to second
|
Batting: RHB Juan Carlos
|
0-0: Ball 1-0: Ball 2-0: Called Strike 2-1: Foul Ball, location: 2F 2-2: Ball 3-2: Strikes out swinging
|
Batting: LHB Marcos Cantú
|
0-0: Called Strike 0-1: Called Strike 0-2: Strikes out swinging
|
Batting: RHB Raúl Salas
|
0-0: Ball 1-0: Ball 2-0: Ball 3-0: Base on Balls Jorge Barbosa scores Santo Cruz to third Francisco Cardenas to second
|
Batting: SHB Glenn Vadnais
|
0-0: Ground out 6-3 (Groundball, 6S)
|
Top of the 12th over - 2 runs, 4 hits, 0 errors, 3 left on base; Houston 6 - Redwood City 4 |
BOTTOM OF THE 12TH |
Redwood City Redwoods batting - Pitching for Houston Hammertime : RHP Lewis Sweeney
|
Pitching: LHP Francisco Pérez
|
|
Now in RF: António Camacho
|
|
Batting: RHB Yasuhiko Sumita
|
0-0: SOLO HOME RUN (Flyball, 9LD), Distance : 328 ft
|
Pinch Hitting: RHB Luis Ramírez
|
0-0: Ball 1-0: Called Strike 1-1: Ball 2-1: Ball 3-1: Base on Balls
|
Batting: LHB Keith Green
|
0-0: Ball 1-0: Ball 2-0: Ball 3-0: Called Strike 3-1: Base on Balls Luis Ramírez to second
|
Pitching: RHP Rodrigo Aguilar
|
|
Pinch Runner at 2nd Pedro Rodríguez:
|
|
Batting: LHB Nicholas Alston
|
0-0: Called Strike 0-1: Ball 1-1: Ball 2-1: Foul Ball, location: 2F 2-2: Grounds into double play, 6-4-3 (Groundball, 6) Pedro Rodríguez to third
|
Batting: RHB Francisco Rodríguez
|
0-0: Ball 1-0: Ball 2-0: Called Strike 2-1: Foul Ball, location: 2F 2-2: Fly out, F8 (Flyball, 78D)
|
Bottom of the 12th over - 1 run, 1 hit, 0 errors, 1 left on base; Houston 6 - Redwood City 5 |
|